Unix NetHack Version 5.0.0-0 post-release - last build Jul 19 2026 19:10:59 (3aa4ab31751d3886436d94b585a96704892fd477,branch:main).

Game began 2026-07-21 21:38:09, ended 2026-07-21 23:16:08.

Eymerich, chaotic male elven Priest

                                                         ---
                                                        --.--
                                               ----    --...|
                                               |..-  ---...--
                                            ----...  |.[<---
                                            |.....- --.---
                                           --......--..|.--
                                           |............%..
                                           --..............
                                           --....0...--.--
                                           |....|...-  --
                                           --..-|.--
                                            |...|.|
                                            ---.|.|
                                          ------.[-
                                          ...........
                                          -----....@Y
                                              -......

Eymerich the Adept           St:7 Dx:15 Co:16 In:8 Wi:20 Ch:11  Chaotic
Dlvl:7  $:946 HP:0(57) Pw:50(99) AC:0  Xp:8 T:7315  Burdened

Latest messages:
 In what direction?
 You kill the gnome!
 The gnome is caught in a spider web.
 In what direction?
 The arrow misses the yeti.
 What do you want to use or apply? [istwxABKZ or ?*]
 Improvise? [ynq] (q)
 You start playing your bugle.
 You extract a loud noise from your bugle.
 The yeti turns to flee.
 The kobold shaman turns to flee.
 The gnome turns to flee.
 a - a blessed greased +1 mace (weapon in right hand).
 D - a bow (alternate weapon; not wielded).
 The gnome wields a thonged club!
 The gnome secures the tether on the thonged club.
 The gnome throws a thonged club!
 You are almost hit by a thonged club.
 The gnome throws a thonged club!
 You are hit by a thonged club.
 You see here an arrow.
 You have a little trouble lifting T - an arrow (in quiver).
 The yeti hits!
 The yeti hits again!
 The yeti misses!
 The yeti hits!
 The yeti hits again!
 The yeti bites!
 You miss the yeti.
 The yeti hits!
 The yeti misses!
 The yeti misses!
 The yeti hits!
 The yeti hits again!
 The yeti misses!
 The yeti hits!
 The yeti hits again!
 The yeti bites!
 You hit the yeti.
 The yeti hits!
 The yeti hits again!
 The yeti misses!
 You hit the yeti.
 The yeti hits!
 The yeti misses!
 The yeti bites!
 You hit the yeti!
 The yeti hits!
 You die...
 Do you want your possessions identified? [ynq] (y)

Inventory:
 Coins    ('$')
  $ - 946 gold pieces
 Amulets  ('"')
  v - an amulet of ESP
 Weapons  (')')
  T - a +0 arrow (in quiver)
  k - 8 poisoned +0 orcish arrows
  D - a +0 bow (alternate weapon; not wielded)
  o - 6 +0 darts
  r - 3 +0 darts
  O - a blessed poisoned +4 dart
  U - a poisoned +0 dart
  E - 3 blessed +1 daggers
  g - 4 +0 daggers
  a - a blessed greased +1 mace (weapon in right hand)
 Armor    ('[')
  l - a blessed +1 orcish helm (being worn)
  b - a +0 robe (being worn)
  j - a +0 dwarvish mithril-coat (being worn)
 Comestibles  ('%')
  G - 2 bananas
  e - a clove of garlic
  P - 3 food rations
  H - a fortune cookie
  C - 2 lembas wafers
  Q - a pancake
  f - a sprig of wolfsbane
 Spellbooks  ('+')
  t - a spellbook of magic missile
 Potions  ('!')
  J - a potion of extra healing
  m - a potion of hallucination
  u - a cursed potion of object detection
  d - 3 potions of holy water
 Wands    ('/')
  w - a wand of light (0:14)
 Tools    ('(')
  i - a bugle
  x - a can of grease (0:18)
  B - a +0 pick-axe
  s - a skeleton key
  K - a towel
  Z - a towel
  A - a blessed +0 unicorn horn
 Gems/Stones  ('*')
  S - an amber stone named soft
  F - a chrysoberyl stone named soft
  z - an emerald named hard
  n - 2 turquoise stones named soft
  I - a worthless piece of blue glass named soft
  L - a worthless piece of green glass
  V - 4 worthless pieces of red glass named soft (junk?)
  c - 2 worthless pieces of yellowish brown glass named soft

Eymerich the Priest's attributes:

Background:
 You were an Adept, a level 8 elven Priest.
 You were chaotic, on a mission for Susanowo
 who was opposed by Amaterasu Omikami (lawful) and Raijin (neutral).
 You were right-handed.
 You were in the Gnomish Mines, on level 7.
 You entered the dungeon 7315 turns ago.
 It was nighttime.
 You had 1824 experience points, 736 more were needed to attain level 9.

Basics:
 You had 0 out of 57 hit points.
 You had 50 out of 99 energy points (spell power).
 Your armor class was 0.
 Your wallet contained 946 zorkmids.
 Autopickup was off.

Final Characteristics:
 Your strength was 7 (peak:14, limit:18).
 Your dexterity was 15 (limit:18).
 Your constitution was 16 (limit:16).
 Your intelligence was 8 (limit:20).
 Your wisdom was 20 (limit:20).
 Your charisma was 11 (limit:18).

Final Status:
 You weren't hungry.
 You were burdened; movement was slightly slowed.
 You were wielding a mace.
 You were skilled in mace and could have enhanced that.

Final Attributes:
 You were piously aligned.
 You were sleep resistant.
 You were poison resistant.
 You were telepathic.
 You had infravision.
 You were guarded.
 Your spell casting was impaired by metallic armor, mitigated by your robe.
 You are dead.

Miscellaneous:
 You didn't encounter any bones levels.
 Total elapsed playing time was 1 hour, 37 minutes and 58 seconds.

Major events:
 Turn
    1: Eymerich the chaotic elven Priest entered the dungeon
  321: entered the Gnomish Mines
  879: attained the rank of Acolyte (level 3)
 1926: reached Mine Town
 1958: attained the rank of Adept (level 6)
 7315: killed by a yeti

Spells:
 Name                 Level Category     Fail Retention
 light                  1   clerical      48%   61%-70%
 extra healing          3   healing       34%   61%-70%
 magic missile          2   attack        82%  76%-100%

Skills:
 Fighting Skills
   bare handed combat [Unskilled]
 Weapon Skills
   club               [Unskilled]
   mace               [Skilled]
   morning star       [Unskilled]
   flail              [Unskilled]
   hammer             [Unskilled]
   quarterstaff       [Unskilled]
   polearms           [Unskilled]
   spear              [Unskilled]
   trident            [Unskilled]
   lance              [Unskilled]
   bow                [Basic]
   sling              [Unskilled]
   crossbow           [Unskilled]
   dart               [Unskilled]
   shuriken           [Unskilled]
   boomerang          [Unskilled]
   unicorn horn       [Unskilled]
 Spellcasting Skills
   healing spells     [Basic]
   divination spells  [Unskilled]
   clerical spells    [Basic]

Voluntary challenges:
 Character rerolling was not enabled.
 You never genocided any monsters.
 You never polymorphed an object.
 You never changed form.
 You used no wishes.
Achievements:
 You entered the Gnomish Mines.
 You entered a shop.
 You attained the rank of Acolyte.
 You entered Minetown.
 You attained the rank of Adept.

 The Dungeons of Doom: levels 1 to 2
    Level 1:
    Level 2:
       A general store.
       Stairs down to The Gnomish Mines.
 The Gnomish Mines: levels 3 to 7
    Level 3:
    Level 4:
    Level 5:
    Level 6:
    Level 7: <- You were here.
       Final resting place for
          you, killed by a yeti.


Vanquished creatures:
 an ettin zombie
  a giant beetle
  a wolf
  a spotted jelly
  2 giant spiders
 an owlbear
  a jaguar
  a white unicorn
  a dust vortex
  a snake
  a wood nymph
  a water nymph
  6 Mordor orcs
 10 Uruk-hai
  2 orc shamans
  a rock piercer
  2 rock moles
  a pony
  3 yellow lights
  a shrieker
  a violet fungus
  7 gnome leaders
  2 gnomish wizards
  a kobold mummy
  4 gray oozes
  2 elf zombies
  4 giant ants
  3 floating eyes
  a kitten
  9 dwarves
  5 hill orcs
  8 rothes
  a giant bat
  4 orc zombies
  2 wererats
 an iguana
  2 acid blobs
  4 coyotes
  5 manes
  2 hobgoblins
  2 giant rats
  a yellow mold
 31 gnomes
  2 garter snakes
  3 gnome zombies
  2 geckos
  4 jackals
  4 kobolds
  4 goblins
  3 sewer rats
  3 grid bugs
  2 lichens
  6 newts
174 creatures vanquished.

No species were genocided or became extinct.

Game over:
                       ----------
                      /          \
                     /    REST    \
                    /      IN      \
                   /     PEACE      \
                  /                  \
                  |     Eymerich     |
                  |      946 Au      |
                  | killed by a yeti |
                  |                  |
                  |                  |
                  |                  |
                  |       2026       |
                 *|     *  *  *      | *
        _________)/\\_//(\/(/\)/\//\/|_)_______

Goodbye Eymerich the Priest...

You died in The Gnomish Mines on dungeon level 7 with 8478 points,
and 946 pieces of gold, after 7315 moves.
You were level 8 with a maximum of 57 hit points when you died.

